| TOP OF THE 1ST |
|
Dunedin Rangers batting - Pitching for Clearwater Threshers : RHP Sandy Danielsen
|
|
Pitching: RHP Sandy Danielsen
|
|
|
Batting: SHB Bryan Little
|
0-0: Ball 1-0: DOUBLE (Groundball, 3L, EV 103.8 MPH)
|
|
Batting: RHB Gary Thurman
|
0-0: Ball 1-0: Called Strike 1-1: Foul Ball, location: 2F 1-2: Ball 2-2: Strikes out looking
|
|
Batting: LHB Curt Ford
|
0-0: Called Strike 0-1: Ball 1-1: Ball 2-1: Called Strike 2-2: Foul Ball, location: 2F 2-2: Ball 3-2: Fly out, F9 (Flyball, 9LD, EV 106.9 MPH) Runner from 2nd tags up, SAFE at 3rd, no throw by RF
|
|
Batting: RHB Glenn Wilson
|
0-0: Ball 1-0: Swinging Strike 1-1: SINGLE (Line Drive, 89M, EV 108.8 MPH) Bryan Little scores
|
|
Batting: LHB Ty Van Burkleo
|
0-0: Called Strike 0-1: Foul Ball, location: 2F 0-2: Foul Ball, location: 2F 0-2: Ball 1-2: 2-RUN HOME RUN (Flyball, 9LD, EV 91.3 MPH), Distance : 356 ft
|
|
Batting: RHB John Gibbons
|
0-0: Ball 1-0: Ball 2-0: Foul Ball, location: 2F 2-1: Fly out, F8 (Flyball, 8LXD, EV 96.9 MPH)
|
| Top of the 1st over - 3 runs, 3 hits, 0 errors, 0 left on base; Dunedin 3 - Clearwater 0 |
| BOTTOM OF THE 1ST |
|
Clearwater Threshers batting - Pitching for Dunedin Rangers : RHP Ron Darling
|
|
Pitching: RHP Ron Darling
|
|
|
Batting: LHB Tom Jones
|
0-0: Called Strike 0-1: Foul Ball, location: 2F 0-2: Ground out 4-3 (Groundball, 4M, EV 102.5 MPH)
|
|
Batting: RHB Vincent Beringhele
|
0-0: Called Strike 0-1: Ball 1-1: Called Strike 1-2: Ball 2-2: Foul Ball, location: 2F 2-2: Ball 3-2: Base on Balls
|
|
Batting: RHB Roy Wolfe
|
0-0: Ball 1-0: Fly out, F3 (Popup, 34S, EV 84.4 MPH)
|
|
Batting: RHB Cliff Pastornicky
|
0-0: Ground out 4-3 (Groundball, 4D, EV 106.3 MPH)
|
| Bottom of the 1st over - 0 runs, 0 hits, 0 errors, 1 left on base; Dunedin 3 - Clearwater 0 |
| TOP OF THE 2ND |
|
Dunedin Rangers batting - Pitching for Clearwater Threshers : RHP Sandy Danielsen
|
|
Batting: LHB Mike L Hart
|
0-0: Ball 1-0: Ball 2-0: Ball 3-0: Base on Balls
|
|
Batting: RHB Edgar Martinez
|
0-0: Ball 1-0: Called Strike 1-1: Swinging Strike 1-2: Ball 2-2: Strikes out looking
|
|
Batting: RHB Ron Gant
|
0-0: Ball 1-0: Ball 2-0: Ball 3-0: Called Strike 3-1: Base on Balls Mike L Hart to second
|
|
Batting: SHB Bryan Little
|
0-0: Ball 1-0: Foul Ball, location: 2F 1-1: Ball 2-1: DOUBLE (Line Drive, 89M, EV 92.5 MPH) Mike L Hart scores Ron Gant to third Runner from 3rd tries for Home, SAFE, throw by RF to trailing runner, SAFE at third!
|
|
Batting: RHB Gary Thurman
|
0-0: Swinging Strike 0-1: Ball 1-1: Ball 2-1: Swinging Strike 2-2: Strikes out looking
|
|
Batting: LHB Curt Ford
|
0-0: Ground out U3 (Groundball, 3, EV 99.4 MPH)
|
| Top of the 2nd over - 2 runs, 1 hit, 0 errors, 1 left on base; Dunedin 5 - Clearwater 0 |
| BOTTOM OF THE 2ND |
|
Clearwater Threshers batting - Pitching for Dunedin Rangers : RHP Ron Darling
|
|
Batting: RHB Ralph Antone
|
0-0: Ball 1-0: Ball 2-0: Foul Ball, location: 2F 2-1: Called Strike 2-2: Fly out, F6 (Popup, 4M, EV 69.4 MPH)
|
|
Batting: RHB Pete Piskol
|
0-0: Ball 1-0: Swinging Strike 1-1: Ground out 6-3 (Groundball, 6M, EV 99.4 MPH)
|
|
Batting: RHB James Padula
|
0-0: Called Strike 0-1: Foul Ball, location: 2F 0-2: Ball 1-2: Ball 2-2: Ball 3-2: Fly out, F9 (Flyball, 9LS, EV 75.6 MPH)
|
| Bottom of the 2nd over - 0 runs, 0 hits, 0 errors, 0 left on base; Dunedin 5 - Clearwater 0 |
| TOP OF THE 3RD |
|
Dunedin Rangers batting - Pitching for Clearwater Threshers : RHP Sandy Danielsen
|
|
Batting: RHB Glenn Wilson
|
0-0: Ball 1-0: Ground out 5-3 (Groundball, 56, EV 86.9 MPH)
|
|
Batting: LHB Ty Van Burkleo
|
0-0: Called Strike 0-1: Foul Ball, location: 2F 0-2: Ground out 4-3 (Groundball, 4, EV 81.9 MPH)
|
|
Batting: RHB John Gibbons
|
0-0: Ball 1-0: Foul Ball, location: 2F 1-1: Foul Ball, location: 2F 1-2: Strikes out looking
|
| Top of the 3rd over - 0 runs, 0 hits, 0 errors, 0 left on base; Dunedin 5 - Clearwater 0 |
| BOTTOM OF THE 3RD |
|
Clearwater Threshers batting - Pitching for Dunedin Rangers : RHP Ron Darling
|
|
Batting: RHB Drungo Hazewood
|
0-0: Ball 1-0: Foul Ball, location: 2F 1-1: Ball 2-1: Ball 3-1: Fly out, F3 (Flyball, 3D, EV 89.4 MPH)
|
|
Batting: RHB Pedro Hernandez
|
0-0: Ball 1-0: Called Strike 1-1: Ball 2-1: Ground out 6-3 (Groundball, 56, EV 108.8 MPH)
|
|
Batting: LHB Tom Jones
|
0-0: Called Strike 0-1: Swinging Strike 0-2: Ball 1-2: Strikes out swinging
|
| Bottom of the 3rd over - 0 runs, 0 hits, 0 errors, 0 left on base; Dunedin 5 - Clearwater 0 |
| TOP OF THE 4TH |
|
Dunedin Rangers batting - Pitching for Clearwater Threshers : RHP Sandy Danielsen
|
|
Batting: LHB Mike L Hart
|
0-0: Ground out 6-3 (Groundball, 56, EV 86.3 MPH)
|
|
Batting: RHB Edgar Martinez
|
0-0: Foul Ball, location: 2F 0-1: Foul Ball, location: 2F 0-2: Ground out 6-3 (Groundball, 6, EV 77.5 MPH)
|
|
Batting: RHB Ron Gant
|
0-0: Called Strike 0-1: Ball 1-1: Ball 2-1: Swinging Strike 2-2: Foul Ball, location: 2F 2-2: Ball 3-2: Base on Balls
|
|
Batting: SHB Bryan Little
|
0-0: Foul Ball, location: 2F 0-1: Ball 1-1: Ground out U3 (Groundball, 3, EV 84.4 MPH)
|
| Top of the 4th over - 0 runs, 0 hits, 0 errors, 1 left on base; Dunedin 5 - Clearwater 0 |
| BOTTOM OF THE 4TH |
|
Clearwater Threshers batting - Pitching for Dunedin Rangers : RHP Ron Darling
|
|
Batting: RHB Vincent Beringhele
|
0-0: Ball 1-0: Ball 2-0: Ground out 4-3 (Groundball, 4S, EV 86.9 MPH)
|
|
Batting: RHB Roy Wolfe
|
0-0: Fly out, F9 (Flyball, 89M, EV 90.6 MPH)
|
|
Batting: RHB Cliff Pastornicky
|
0-0: Ball 1-0: Called Strike 1-1: Ball 2-1: Swinging Strike 2-2: Strikes out looking
|
| Bottom of the 4th over - 0 runs, 0 hits, 0 errors, 0 left on base; Dunedin 5 - Clearwater 0 |
| TOP OF THE 5TH |
|
Dunedin Rangers batting - Pitching for Clearwater Threshers : RHP Sandy Danielsen
|
|
Batting: RHB Gary Thurman
|
0-0: Called Strike 0-1: Called Strike 0-2: Strikes out swinging
|
|
Batting: LHB Curt Ford
|
0-0: Ball 1-0: Swinging Strike 1-1: Ball 2-1: Ground out 5-3 (Groundball, 56S, EV 86.3 MPH)
|
|
Batting: RHB Glenn Wilson
|
0-0: SINGLE (Line Drive, 8RS, EV 94.4 MPH)
|
|
Batting: LHB Ty Van Burkleo
|
0-0: Fly out, F7 (Flyball, 7S, EV 96.9 MPH)
|
| Top of the 5th over - 0 runs, 1 hit, 0 errors, 1 left on base; Dunedin 5 - Clearwater 0 |
| BOTTOM OF THE 5TH |
|
Clearwater Threshers batting - Pitching for Dunedin Rangers : RHP Ron Darling
|
|
Batting: RHB Ralph Antone
|
0-0: Foul Ball, location: 2F 0-1: Called Strike 0-2: Foul Ball, location: 2F 0-2: Fly out, F8 (Flyball, 8RS, EV 85.0 MPH)
|
|
Batting: RHB Pete Piskol
|
0-0: Ball 1-0: Ball 2-0: Ball 3-0: Called Strike 3-1: Base on Balls
|
|
Batting: RHB James Padula
|
0-0: Fly out, F9 (Flyball, 89D, EV 103.1 MPH)
|
|
Batting: RHB Drungo Hazewood
|
0-0: Foul Ball, location: 2F 0-1: Fly out, F3 (Popup, 3SF, EV 86.9 MPH)
|
| Bottom of the 5th over - 0 runs, 0 hits, 0 errors, 1 left on base; Dunedin 5 - Clearwater 0 |
| TOP OF THE 6TH |
|
Dunedin Rangers batting - Pitching for Clearwater Threshers : RHP Sandy Danielsen
|
|
Batting: RHB John Gibbons
|
0-0: Fly out, F7 (Line Drive, 7, EV 96.9 MPH)
|
|
Batting: LHB Mike L Hart
|
0-0: Swinging Strike 0-1: Foul Ball, location: 2F 0-2: Ground out 5-3 (Groundball, 56, EV 78.1 MPH)
|
|
Batting: RHB Edgar Martinez
|
0-0: Foul Ball, location: 2F 0-1: Ball 1-1: Called Strike 1-2: Ground out 6-3 (Groundball, 56, EV 104.4 MPH)
|
| Top of the 6th over - 0 runs, 0 hits, 0 errors, 0 left on base; Dunedin 5 - Clearwater 0 |
| BOTTOM OF THE 6TH |
|
Clearwater Threshers batting - Pitching for Dunedin Rangers : RHP Ron Darling
|
|
Batting: RHB Pedro Hernandez
|
0-0: Ground out U3 (Groundball, 34, EV 100.0 MPH)
|
|
Batting: LHB Tom Jones
|
0-0: Ground out 3-1 (Groundball, 34, EV 82.5 MPH)
|
|
Batting: RHB Vincent Beringhele
|
0-0: Called Strike 0-1: Foul Ball, location: 2F 0-2: Ball 1-2: Ball 2-2: Foul Ball, location: 2F 2-2: Fly out, F9 (Flyball, 9LM, EV 88.1 MPH)
|
| Bottom of the 6th over - 0 runs, 0 hits, 0 errors, 0 left on base; Dunedin 5 - Clearwater 0 |
| TOP OF THE 7TH |
|
Dunedin Rangers batting - Pitching for Clearwater Threshers : RHP Sandy Danielsen
|
|
Batting: RHB Ron Gant
|
0-0: Called Strike 0-1: Swinging Strike 0-2: Ball 1-2: Ball 2-2: Foul Ball, location: 2F 2-2: Strikes out swinging
|
|
Batting: SHB Bryan Little
|
0-0: Called Strike 0-1: Fly out, F9 (Flyball, 89D, EV 95.6 MPH)
|
|
Batting: RHB Gary Thurman
|
0-0: Called Strike 0-1: Ball 1-1: Foul Ball, location: 2F 1-2: Foul Ball, location: 2F 1-2: Strikes out swinging
|
| Top of the 7th over - 0 runs, 0 hits, 0 errors, 0 left on base; Dunedin 5 - Clearwater 0 |
| BOTTOM OF THE 7TH |
|
Clearwater Threshers batting - Pitching for Dunedin Rangers : RHP Ron Darling
|
|
Batting: RHB Roy Wolfe
|
0-0: Called Strike 0-1: Fly out, F9 (Flyball, 89M, EV 81.3 MPH)
|
|
Batting: RHB Cliff Pastornicky
|
0-0: Ground out 5-3 (Groundball, 5L, EV 92.5 MPH)
|
|
Batting: RHB Ralph Antone
|
0-0: Called Strike 0-1: Ball 1-1: Swinging Strike 1-2: Foul Ball, location: 2F 1-2: Foul Ball, location: 2F 1-2: Foul Ball, location: 2F 1-2: Ball 2-2: Foul Ball, location: 2F 2-2: Foul Ball, location: 2F 2-2: Ball 3-2: Base on Balls
|
|
Batting: RHB Pete Piskol
|
0-0: Foul Ball, location: 2F 0-1: Ball 1-1: Foul Ball, location: 2F 1-2: Ball 2-2: Ball 3-2: Foul Ball, location: 2F 3-2: SINGLE (Line Drive, 4D, EV 95.0 MPH) Ralph Antone to second Ralph Antone to third
|
|
Batting: RHB James Padula
|
0-0: Ball 1-0: Ball 2-0: Fly out, F7 (Flyball, 78M, EV 91.3 MPH)
|
| Bottom of the 7th over - 0 runs, 1 hit, 0 errors, 2 left on base; Dunedin 5 - Clearwater 0 |
| TOP OF THE 8TH |
|
Dunedin Rangers batting - Pitching for Clearwater Threshers : RHP Sandy Danielsen
|
|
Pitching: RHP Tom Burns
|
|
|
Batting: LHB Curt Ford
|
0-0: Foul Ball, location: 2F 0-1: Ground out 3-1 (Groundball, 34S, EV 81.3 MPH)
|
|
Batting: RHB Glenn Wilson
|
0-0: Foul Ball, location: 2F 0-1: SINGLE (Groundball, 6M, EV 106.3 MPH) (infield hit)
|
|
Batting: LHB Ty Van Burkleo
|
0-0: Called Strike 0-1: Ball 1-1: Called Strike 1-2: Ball 2-2: Foul Ball, location: 2F 2-2: Foul Ball, location: 2F 2-2: 2-RUN HOME RUN (Flyball, 89XD, EV 101.3 MPH), Distance : 393 ft
|
|
Pinch Hitting: RHB Dan Huston
|
0-0: Ball 1-0: Ball 2-0: Foul Ball, location: 2F 2-1: Called Strike 2-2: Fly out, F8 (Flyball, 8LD, EV 86.9 MPH)
|
|
Batting: LHB Mike L Hart
|
0-0: Called Strike 0-1: Foul Ball, location: 2F 0-2: Strikes out looking
|
| Top of the 8th over - 2 runs, 2 hits, 0 errors, 0 left on base; Dunedin 7 - Clearwater 0 |
| BOTTOM OF THE 8TH |
|
Clearwater Threshers batting - Pitching for Dunedin Rangers : RHP Ron Darling
|
|
Now at C: Dan Huston
|
|
|
Batting: RHB Drungo Hazewood
|
0-0: Swinging Strike 0-1: Foul Ball, location: 2F 0-2: Strikes out swinging
|
|
Batting: RHB Pedro Hernandez
|
0-0: Ground out 6-3 (Groundball, 6M, EV 81.3 MPH)
|
|
Batting: LHB Tom Jones
|
0-0: Called Strike 0-1: Ball 1-1: Swinging Strike 1-2: Foul Ball, location: 2F 1-2: Ball 2-2: Strikes out swinging
|
| Bottom of the 8th over - 0 runs, 0 hits, 0 errors, 0 left on base; Dunedin 7 - Clearwater 0 |
| TOP OF THE 9TH |
|
Dunedin Rangers batting - Pitching for Clearwater Threshers : RHP Tom Burns
|
|
Pinch Hitting: RHB Craig Goodin
|
0-0: Ball 1-0: Called Strike 1-1: Ball 2-1: Swinging Strike 2-2: Fly out, F6 (Popup, 6MD, EV 43.8 MPH)
|
|
Batting: RHB Ron Gant
|
0-0: Ball 1-0: Foul Ball, location: 2F 1-1: Ball 2-1: Foul Ball, location: 2F 2-2: Ball 3-2: Ground out 2-3 (Groundball, 2L, EV 75.6 MPH)
|
|
Pinch Hitting: SHB Martin Blair
|
0-0: Swinging Strike 0-1: Called Strike 0-2: Ball 1-2: Ball 2-2: Strikes out swinging
|
| Top of the 9th over - 0 runs, 0 hits, 0 errors, 0 left on base; Dunedin 7 - Clearwater 0 |
| BOTTOM OF THE 9TH |
|
Clearwater Threshers batting - Pitching for Dunedin Rangers : RHP Ron Darling
|
|
Now at 3B: Martin Blair
|
|
|
Now at SS: Craig Goodin
|
|
|
Pinch Hitting: RHB Bill Dierberger
|
0-0: Called Strike 0-1: Ball 1-1: Foul Ball, location: 2F 1-2: Ground out 3-1 (Groundball, 34S, EV 86.3 MPH)
|
|
Batting: RHB Roy Wolfe
|
0-0: Called Strike 0-1: Fly out, F8 (Flyball, 89M, EV 80.0 MPH)
|
|
Batting: RHB Cliff Pastornicky
|
0-0: SOLO HOME RUN (Flyball, 7LD, EV 95.6 MPH), Distance : 347 ft
|
|
Batting: RHB Ralph Antone
|
0-0: Ball 1-0: Foul Ball, location: 2F 1-1: Swinging Strike 1-2: Foul Ball, location: 2F 1-2: Reached on error, E6 (Groundball, 6, EV 87.5 MPH)
|
|
Batting: RHB Pete Piskol
|
0-0: Ball 1-0: Foul Ball, location: 2F 1-1: Ball 2-1: Ball 3-1: Called Strike 3-2: Base on Balls Ralph Antone to second
|
|
Batting: RHB James Padula
|
0-0: Called Strike 0-1: Ball 1-1: Ball 2-1: Called Strike 2-2: Foul Ball, location: 2F 2-2: Ball 3-2: Foul Ball, location: 2F 3-2: Strikes out swinging
|
| Bottom of the 9th over - 1 run, 1 hit, 1 error, 2 left on base; Dunedin 7 - Clearwater 1 |
|